Map: King Sejong Station LE

Players

Arranion

  • Race: Zerg Zerg
  • League: Diamond

Sholip - Winner!

  • Race: Zerg Zerg
  • League: Master

VOD

Have the link to the VOD?

Description

Time

  • Played on: Oct. 31, 2016, 4:40 p.m.
  • Length: 13:04
Show
View Real Time Build Order
Export as new Build Order

Arranion Zerg 

Build Orders: Pool First 

Get SALT Encoding   

  12  0:01  Drone  
  13  0:13  Overlord  
  13  0:18  Drone  
  14  0:31  Drone x2  
  14  0:35  Drone  
  17  0:46  Spawning Pool  
  16  0:51  Drone  
  17  1:02  Extractor  
  16  1:15  Hatchery  
  15  1:21  Drone  
  16  1:30  Drone x2  
  18  1:35  Overlord  
  18  1:44  Drone  
  19  1:54  Drone, Queen  
  22  2:06  Metabolic Boost  
  22  2:08  Drone  
  22  2:15  Drone  
  24  2:28  Queen  
  26  2:30  Zergling x4  
  27  2:38  Zergling x4  
  29  2:47  Overlord  
  29  2:55  Drone  
  30  3:03  Drone x2  
  32  3:11  Drone x3  
  32  3:12  Drone  
  36  3:16  Roach Warren  
  36  3:19  Evolution Chamber  
  34  3:22  Spine Crawler  
  34  3:26  Extractor  
  32  3:31  Drone x3  
  35  3:42  Drone x5  
  35  3:43  Drone x2  
  35  3:44  Drone  
  42  4:01  Overlord x3  
  42  4:13  Roach  
  44  4:21  Roach x6  
  44  4:22  Roach  
  58  4:34  Roach x3  
  61  4:49  Overlord x2  
  61  4:50  Roach x2  
  61  4:51  Roach  
  67  5:04  Zerg Missile Weapons Level 1  
  67  5:07  Overlord  
  67  5:12  Extractor  
  67  5:13  Zergling x2  
  67  5:14  Zergling x8  
  71  5:22  Zergling x2  
  71  5:23  Zergling x10  
  77  5:48  Roach  
  77  5:49  Roach x2  
  83  5:50  Overlord x4  
  83  5:55  Hatchery  
  73  6:12  Zergling x10  
  72  6:25  Drone x3  
  73  6:27  Spore Crawler  
  73  6:29  Queen x2, Spore Crawler x2  
  73  6:30  Spore Crawler  
  42  7:06  Spine Crawler  
  40  7:19  Lair  
  40  7:22  Drone  
  41  7:23  Drone x11  
  41  7:27  Spore Crawler  
  51  7:34  Spore Crawler x2  
  48  7:41  Zergling x4  
  48  7:42  Zergling x8  
  52  7:49  Drone x2, Spore Crawler  
  52  7:53  Spore Crawler  
  51  8:15  Unknown  
  48  8:30  Infestation Pit  
  48  8:32  Hydralisk Den  
  46  8:37  Extractor  
  46  8:38  Extractor  
  44  8:41  Drone x3  
  44  8:42  Drone x3  
  44  8:43  Drone x2  
  44  8:44  Drone x2  
  44  8:46  Queen  
  44  8:47  Queen  
  58  8:59  Zerg Missile Weapons Level 2  
  58  9:05  Roach x3, Hydralisk x8  
  80  9:11  Muscular Augments  
  76  9:38  Unknown x2  
  76  9:48  Unknown, Hatchery  
  75  9:54  Hydralisk x2  
  75  9:55  Hydralisk x2  
  75  9:57  Overlord x4  
  83  10:23  Infestor  
  83  10:24  Infestor  
  87  10:32  Roach x6  
  87  10:35  Glial Reconstitution  
  99  10:39  Overlord  
  99  10:44  Zergling x2  
  96  11:00  Hydralisk x2  
  96  11:01  Hydralisk  
  96  11:02  Hydralisk, Roach x3  
  110  11:28  Hydralisk x2  
  110  11:32  Overlord x3  
  113  12:06  Roach x2  
  113  12:07  Roach x11  
Show
View Real Time Build Order
Export as new Build Order

Sholip Zerg - Winner!

Build Orders: Hatch First, Muta Ling Bane 

Get SALT Encoding   

  12  0:00  Drone  
  13  0:12  Overlord  
  13  0:17  Drone  
  14  0:30  Drone x2  
  14  0:34  Drone  
  17  0:53  Hatchery  
  17  0:55  Drone  
  17  0:57  Drone  
  18  1:07  Drone  
  19  1:14  Spawning Pool  
  19  1:18  Drone  
  19  1:20  Extractor  
  18  1:27  Drone  
  19  1:39  Drone  
  20  1:51  Drone  
  21  2:01  Zergling x2  
  21  2:04  Queen x2  
  21  2:05  Overlord  
  26  2:12  Zergling x2  
  27  2:17  Spine Crawler  
  27  2:21  Metabolic Boost  
  26  2:23  Overlord  
  26  2:24  Drone  
  26  2:27  Drone  
  28  2:35  Drone  
  29  2:40  Drone, Queen  
  32  2:47  Drone  
  32  2:51  Baneling Nest  
  32  2:54  Overlord  
  32  3:03  Zergling x4  
  34  3:06  Drone  
  35  3:15  Zergling x2  
  35  3:16  Zergling x4  
  35  3:17  Drone x3  
  41  3:21  Drone  
  41  3:24  Extractor  
  41  3:32  Lair  
  41  3:33  Drone  
  41  3:35  Baneling  
  41  3:37  Baneling  
  41  3:49  Drone x6  
  41  3:51  Extractor  
  41  3:53  Extractor  
  45  3:58  Drone x3  
  45  4:02  Drone x3  
  51  4:17  Overlord  
  51  4:22  Overlord x2  
  51  4:34  Overlord  
  51  4:39  Spire  
  51  4:44  Drone x2  
  52  4:46  Drone x4  
  56  4:53  Hatchery  
  55  5:04  Spine Crawler  
  54  5:08  Spine Crawler  
  54  5:10  Spine Crawler  
  52  5:14  Spine Crawler, Zergling x4  
  52  5:15  Zergling x2  
  50  5:51  Baneling x3  
  50  5:52  Mutalisk x5  
  50  5:53  Mutalisk x4  
  67  6:10  Mutalisk  
  67  6:11  Mutalisk  
  63  6:12  Zergling x2  
  63  6:13  Zergling x12  
  70  6:22  Queen  
  69  6:36  Drone  
  69  6:37  Hatchery  
  69  6:38  Drone x3  
  69  6:39  Drone  
  73  6:40  Drone  
  73  6:41  Drone  
  75  6:49  Overseer  
  74  6:56  Spine Crawler  
  69  7:06  Drone x2  
  70  7:12  Baneling  
  70  7:18  Mutalisk x4  
  70  7:20  Zergling x6  
  81  7:26  Overlord  
  81  7:33  Mutalisk x2  
  77  7:52  Roach Warren  
  76  8:00  Zergling x18  
  76  8:02  Baneling  
  76  8:03  Baneling x5  
  76  8:05  Centrifical Hooks  
  85  8:12  Overseer  
  85  8:20  Baneling x6  
  85  8:21  Queen  
  87  8:27  Drone x2  
  87  8:28  Drone x5  
  94  8:41  Drone  
  94  8:42  Drone x2  
  94  8:46  Overlord x2  
  94  8:48  Burrow  
  97  8:52  Overlord  
  97  8:53  Overlord x2  
  97  9:10  Spine Crawler  
  97  9:13  Glial Reconstitution  
  97  9:14  Roach  
  97  9:15  Roach x10  
  118  9:22  Zergling x2  
  119  9:30  Drone  
  119  9:31  Drone x2  
  122  9:35  Extractor  
  122  9:36  Extractor  
  119  9:45  Roach  
  121  9:46  Roach x8  
  121  9:47  Hatchery  
  136  9:54  Overlord x2  
  136  9:55  Overlord  
  132  10:18  Evolution Chamber, Overlord x3  
  132  10:21  Drone x2, Evolution Chamber  
  130  10:22  Drone x3  
  130  10:23  Drone x2  
  130  10:24  Drone  
  130  10:28  Zergling x2  
  139  10:36  Overlord  
  139  10:39  Roach  
  139  10:40  Roach  
  143  10:44  Overseer  
  143  10:45  Zerg Missile Weapons Level 1  
  137  11:03  Zerg Ground Armor Level 1  
  137  11:07  Roach x9, Infestation Pit  
  137  11:08  Roach x3  
  137  11:09  Overlord  
  137  11:11  Queen  
  162  11:25  Drone x2  
  164  11:26  Overlord  
  164  11:27  Roach  
  164  11:28  Roach x5  
  164  11:30  Ravager  
  164  11:31  Ravager x7  
  184  11:39  Zergling x2  
  185  11:40  Zergling x6  
  187  11:56  Roach x6  
  198  12:08  Roach  
  187  12:32  Roach  
  187  12:33  Roach x8  
  190  12:39  Overseer  
Tags
 
Add a new tag
Caveats
  • Supply blocks, unpowered buildings, or Contaminate may cause inaccurate times.
  • Supply counts are checked every 10 seconds.